AoeStats
← [NOE] Jupiter

Arena

506240215Analyzed
2v2 RM · 20d ago on Sep 12, 2026· 46m 39s· 4 players
Game mode
Random Map
Map size
Medium (4 player)
Population
200
Speed
Normal
Resources
Standard
Victory
Conquest
Starting age
Dark Age
Ending age
Imperial Age
RankedLock teamsTeams togetherTeam positionsShared explorationLock speedFull tech treeHidden civsTurbo modeCheats
Victory
Defeat
🇫🇷 Italians · France
1473
+14
🇫🇷 Burgundians · France
1435
+15
🇬🇧 Malians · United Kingdom
1477
-16
🇬🇧 Burmese · United Kingdom
1372
-13
Sudden_Death_
11:20 Feudal Age
15:05 Castle Age
13:17 Horse Collar
19:14 Heavy Plow
19:33 Loom
20:22 Town Watch
22:45 Wheelbarrow
23:05 Gold Mining
23:05 Stone Mining
24:15 Hand Cart
24:48 Bloodlines
24:39 Husbandry
26:13 Gold Shaft Mining
28:09 Forging
28:04 Scale Barding Armor
29:55 Iron Casting
30:01 Devotion
33:02 Imperial Age
31:27 Light Cavalry
32:26 Manipur Cavalry
33:21 Chain Barding Armor
33:05 Elite Battle Elephant
33:11 Hussar
34:43 Plate Barding Armor
37:22 Plate Barding Armor
37:48 Blast Furnace
39:38 Heavy Scorpion
45:38 Fletching
Hornet-Wing
11:11 Feudal Age
14:41 Castle Age
12:37 Double-Bit Axe
12:34 Horse Collar
15:36 Bow Saw
21:09 Wheelbarrow
20:31 Loom
21:19 Heavy Plow
28:13 Imperial Age
26:03 Scale Barding Armor
26:08 Husbandry
26:41 Forging
26:43 Bloodlines
27:20 Chain Barding Armor
27:38 Loom
28:49 Gold Mining
28:49 Stone Mining
29:18 Hand Cart
28:49 Town Watch
30:07 Plate Barding Armor
29:04 Heavy Camel Rider
30:33 Iron Casting
31:44 Farimba
31:50 Man-at-Arms
32:30 Squires
32:16 Arson
32:33 Scale Mail Armor
32:46 Long Swordsman
33:42 Two-Handed Swordsman
34:38 Chain Mail Armor
34:47 Champion
36:29 Fletching
37:15 Plate Mail Armor
37:23 Bodkin Arrow
38:30 Chemistry
37:50 Ballistics
39:41 Light Cavalry
44:13 Conscription
46:05 Hoardings
46:16 Padded Archer Armor
[NOE] Jupiter
2:52 Loom
3:03 Double-Bit Axe
8:19 Wheelbarrow
10:36 Feudal Age
9:43 Horse Collar
14:54 Castle Age
13:35 Bow Saw
15:58 Loom
18:03 Two-Man Saw
19:42 Hand Cart
19:34 Stone Mining
19:38 Gold Mining
21:13 Heavy Plow
24:35 Gold Shaft Mining
26:23 Town Watch
29:42 Imperial Age
27:22 Burgundian Vineyards
27:51 Treadmill Crane
28:24 Scale Barding Armor
28:30 Forging
29:03 Stone Shaft Mining
28:59 Fortified Wall
29:37 Chain Barding Armor
29:26 Husbandry
29:49 Elite Coustillier
31:28 Iron Casting
31:35 Plate Barding Armor
31:31 Conscription
31:21 Town Patrol
31:42 Fletching
32:51 Bodkin Arrow
32:38 Pikeman
33:19 Squires
33:49 Bracer
33:50 Scale Mail Armor
34:51 Blast Furnace
33:22 Halberdier
38:11 Chemistry
37:32 Ballistics
37:28 Chain Mail Armor
39:08 Plate Mail Armor
38:39 Padded Archer Armor
46:04 Capped Ram
47:22 Bombard Tower
[NOE] Lyrendir
9:39 Feudal Age
13:28 Castle Age
11:40 Double-Bit Axe
12:48 Horse Collar
17:20 Bow Saw
17:22 Loom
21:43 Heavy Plow
22:26 Wheelbarrow
22:58 Treadmill Crane
24:35 Hand Cart
24:06 Town Watch
24:35 Gold Mining
24:38 Stone Mining
28:28 Imperial Age
26:18 Masonry
27:01 Town Patrol
26:58 Fletching
28:07 Stone Shaft Mining
27:41 Bodkin Arrow
28:14 Sanctity
30:17 Chemistry
29:37 Ballistics
29:21 Bracer
29:22 Padded Archer Armor
29:43 Pirotechnia
29:55 Conscription
30:24 Hoardings
31:27 Two-Man Saw
31:23 Crop Rotation
32:33 Architecture
31:27 Elite Genoese Crossbowman
32:38 Leather Archer Armor
33:54 Ring Archer Armor
33:22 Murder Holes
35:24 Pirotechnia
36:28 Forging
36:18 Scale Mail Armor
42:47 Fortified Wall
42:54 Chain Mail Armor
43:15 Iron Casting
43:38 Thumb Ring
43:49 Squires
43:37 Arson
43:52 Squires
44:27 Plate Mail Armor
Connection lost

Rejoining the realm…

Still unreachable

The connection could not be restored.

Session expired

The server has moved on; the page needs a fresh start.